 Dungeon Crawl Stone Soup version 0.29.0-11-gd7f09526c8 (webtiles) character file.

Game seed: 8609902653553402047

7498 concernfroge the Spear-Bearer (level 10, -14/76 HPs)
             Began as a Mummy Monk on Sept 3, 2022.
             Was an Initiate of Gozag.
             Killed by an exploding yak (40 damage)
             ... ignited by their inner flame
             ... on level 11 of the Dungeon.
             The game lasted 00:34:20 (8197 turns).

concernfroge the Spear-Bearer (Mummy Monk)          Turns: 8197, Time: 00:34:21

Health: -14/76     AC: 12    Str: 18    XL:     10   Next: 95%
Magic:  10/10      EV: 18    Int: 10    God:    Gozag
Gold:   1240       SH:  0    Dex: 15    Spells: 9/9 levels left

rFire   x . .      SeeInvis .   k - +0 trident (vorpal)
rCold   + + .      Faith    .   (no shield)
rNeg    + + +      Spirit   .   u - +2 scale mail {rC+}
rPois   ∞          Reflect  .   h - +2 hat {Stlth+}
rElec   .          Harm     .   z - +0 cloak {Will+}
rCorr   .          Rampage  .   (no gloves)
Will    ++...                   i - +0 pair of boots
Stlth   ++........              d - amulet of regeneration
HPRegen 1.02/turn               q - +4 ring of evasion
MPRegen 0.12/turn               t - +4 ring of evasion

@: gold aura
A: cold resistance 1, negative energy resistance 3, torment resistance 2, heat
vulnerability 1, in touch with death 1, no potions
a: Renounce Religion, Potion Petition, Call Merchant, Bribe Branch


You were on level 11 of the Dungeon.
You worshipped Gozag.
Gozag was most pleased with you.
You visited 2 branches of the dungeon, and saw 12 of its levels.
You also visited: Ossuary.

You collected 1240 gold pieces.

Inventory:

Hand Weapons
 a - a +0 glaive
 k - a +0 vorpal trident (weapon)
 D - a +1 morningstar of draining
Missiles
 g - a boomerang (quivered)
Armour
 h - a +2 hat of stealth (worn)
 i - a +0 pair of boots (worn)
 u - a +2 scale mail of cold resistance (worn)
 z - a +0 cloak of willpower (worn)
Jewellery
 d - an amulet of regeneration (around neck)
 q - a +4 ring of evasion (left hand)
 t - a +4 ring of evasion (right hand)
Wands
 j - a wand of roots (1)
 y - a wand of digging (10)
Scrolls
 b - 5 scrolls of enchant weapon
 c - a scroll of silence
 e - 3 scrolls of fear
 f - 2 scrolls of fog
 l - a scroll of identify
 m - 3 scrolls of vulnerability
 n - a scroll of magic mapping
 o - a scroll of amnesia
 r - a scroll of teleportation
 w - 2 scrolls of noise
 x - 2 scrolls of blinking


   Skills:
 - Level 5.7 Fighting
 + Level 13.7 Polearms
 - Level 2.4 Dodging
 - Level 1.5 Stealth


You had 9 spell levels left.
You didn't know any spells.
Your spell library contained the following spells:

 Spells                   Type           Power      Damage    Failure   Level
 Foxfire                  Conj/Fire      0%         2x1d4     78%         1
 Necrotise                Necr           0%         1d4       78%         1
 Static Discharge         Conj/Air       0%         3-3/arc   89%         2
 Gell's Gravitas          Tloc           0%         N/A       98%         3
 Teleport Other           Tloc           0%         N/A       98%         3
 Tukima's Dance           Hex            0%         N/A       98%         3
 Vampiric Draining        Necr           0%         2d6       98%         3
 Dispel Undead            Necr           0%         3d6       100%        4
 Passage of Golubria      Tloc           0%         N/A       100%        4
 Sticky Flame             Conj/Fire      0%         2d3       100%        4
 Agony                    Necr           0%         N/A       100%        5
 Yara's Violent Unravell  Hex/Tmut       0%         3d3       100%        5
 Dispersal                Tloc           0%         N/A       100%        6


Dungeon Overview and Level Annotations

Branches:
Dungeon (11/15)            Temple (1/1) D:7            Lair (0/5) D:8
    Orc (0/2) D:10        Ossuary (visited)

Altars:
Ashenzari
Cheibriados
Gozag
Kikubaaqudgha
Makhleb
Nemelex Xobeh
Qazlal
Ru
Sif Muna
Trog
Vehumet
Wu Jian
Xom
Yredelemnul

Shops:
D:9 (

Annotations:
D:5 2 transporters, Splishie's ghost, weakling KoEn
D:6 Dowan; Duvessa
D:7 2 runed translucent doors, Pikel


Innate Abilities, Weirdness & Mutations

You are immune to poison.
Your flesh is cold resistant. (rC+)
You are immune to negative energy. (rN+++)
You are immune to unholy pain and torment.
You are vulnerable to heat. (rF-)
You are in touch with the powers of death.
You do not drink.


Message History

Okay, then.
Reach: k) +0 trident (vorpal)
Press: ? - help, Dir - move target, f/p - yak
Aim: a yak (moderately wounded, inner flame, about 24% to evade your +0 vorpal trident)
You reach to attack!
The yak bellows!
You hit the yak.
Flame seeps out of the yak. x2
The yak is heavily wounded.
The yak is engulfed in blazing flames.
Flame seeps out of the yak.
Found 2 metallic blue potions.
The yak closely misses you.
The yak enters a dispersal trap!
The yak blinks! x2; You blink.
Aiming: Fastroot
Press: ? - help, Shift-Dir - straight line, f - yak, p - yak
Aim: a yak (inner flame)
The roots erupt in riotous growth!
Roots grab the yak.
The grasping roots constrict the yak.
Flame seeps out of the yak.
The yak is engulfed in blazing flames.
Flame seeps out of the yak.
The yak struggles to escape constriction.
The yak gores you!
Throw: boomerang
Press: ? - help, Q - select action, (/) - cycle Shift-Dir - straight line, f/p - yak
Aim: a yak (flame, heavily wounded, inner flame, constricted by roots, 93% to hit)
You throw a boomerang. The boomerang hits the yak.
Flame seeps out of the yak.
The yak is heavily wounded.
The grasping roots constrict the yak.
Flame seeps out of the yak.
The roots release their grip on the yak.
The yak closely misses you.
The yak is engulfed in blazing flames.
Flame seeps out of the yak.
Reach: k) +0 trident (vorpal)
Press: ? - help, Dir - move target, f/p - yak
Aim: a yak (severely wounded, inner flame, about 24% to evade your +0 vorpal trident)
You reach to attack!
You puncture the yak!
Flame seeps out of the yak.
The yak explodes!
The fiery explosion engulfs the yak!!!
The yak explodes!
The fiery explosion engulfs you!!! The fire burns you terribly!
Ouch! That really hurt!
You die...
Your body crumbles into a pile of gold.

...$.$....$...#
#...!...$.......#
#####...$..$.[......#
............$V....((..
......................
..$.$..>###########Y.
.....$$.#
........###########.
.......@§○°$.......!
........§§..$...Y...
####################


There were no monsters in sight!

Vanquished Creatures
  Gastronok (D:9)
  A gargoyle (D:11)
  A hornet (D:10)
  2 trolls
  Prince Ribbit (D:7)
  A flying skull (D:11)
  2 wraiths
  12 yaks
  A wyvern (D:9)
  2 steam dragons
  Menkaure (D:6)
  3 ice beasts
  A sky beast (D:8)
  5 orc warriors
  A black bear (D:7)
  A centaur (D:9)
  A kobold brigand (D:10)
  A phantom (D:6)
  7 bullfrogs
  2 scorpions
  A water moccasin zombie (Ossuary)
  2 gnoll sergeants
  A howler monkey (D:11)
  4 hounds
  Crazy Yiuf (D:5)
  A jelly (D:8)
  8 orc priests
  An iguana (D:5)
  8 orc wizards
  2 mummies (Ossuary)
  2 adders
  9 gnolls
  A white imp (D:7)
  5 adder zombies (Ossuary)
  3 worms
  2 dart slugs
  34 orcs
  An endoplasm (D:1)
  2 giant cockroaches
  6 gnoll zombies (Ossuary)
  6 goblins
  7 hobgoblins
  2 quokkas (D:2)
  7 ball pythons
  6 bats
  2 frilled lizards
  7 hobgoblin zombies (Ossuary)
  15 kobolds
  3 kobold zombies (Ossuary)
  3 orc zombies (Ossuary)
  7 rats
206 creatures vanquished.

Vanquished Creatures (collateral kills)
  An iguana (D:5)
  2 orc wizards (D:5)
  An adder (D:5)
  An ufetubus (D:5)
  3 orcs (D:5)
8 creatures vanquished.

Vanquished Creatures (others)
  3 fungi (D:5)
  6 plants (D:5)
9 creatures vanquished.

Grand Total: 223 creatures vanquished

Notes
Turn   | Place    | Note
-------+----------+-------------------------------------------
     0 | D:1      | concernfroge the Mummy Monk began the quest for the Orb.
     0 | D:1      | Reached XP level 1. HP: 18/18 MP: 1/1
   343 | D:1      | Reached XP level 2. HP: 20/24 MP: 2/2
   670 | D:1      | Gained mutation: You are in touch with the powers of death.
                  | [Mummy growth]
   670 | D:1      | Reached XP level 3. HP: 30/30 MP: 3/3
  1761 | D:3      | Found a faded altar of an unknown god.
  1974 | D:3      | Reached XP level 4. HP: 38/38 MP: 4/4
  1990 | D:3      | Reached skill level 5 in Fighting
  2304 | D:3      | Reached XP level 5. HP: 28/46 MP: 5/5
  3092 | D:4      | Reached skill level 3 in Polearms
  3236 | D:5      | Entered Level 5 of the Dungeon
  3321 | D:5      | Reached XP level 6. HP: 50/52 MP: 6/6
  3343 | D:5      | Found a sand-covered staircase.
  3348 | Ossuary  | Entered an ossuary
  3392 | Ossuary  | Reached skill level 4 in Polearms
  3654 | D:5      | Reached skill level 5 in Polearms
  3749 | D:5      | Identified the +10 spear of Agony {pain, rC++ Stlth+}
  3797 | D:5      | Found a transporter.
  3797 | D:5      | Found a transporter.
  3807 | D:5      | Noticed Splishie's ghost (weakling KoEn)
  3867 | D:5      | Reached XP level 7. HP: 57/57 MP: 7/7
  3956 | D:5      | Found a runed translucent door.
  3957 | D:5      | Noticed Crazy Yiuf
  3968 | D:5      | Killed Crazy Yiuf
  4093 | D:6      | Noticed Duvessa
  4093 | D:6      | Noticed Dowan
  4226 | D:6      | Noticed Menkaure
  4232 | D:6      | Killed Menkaure
  4233 | D:6      | Reached skill level 6 in Polearms
  4409 | D:7      | Found a large runed translucent door.
  4410 | D:7      | Found a large runed translucent door.
  4445 | D:7      | Found a staircase to the Ecumenical Temple.
  4455 | Temple   | Entered the Ecumenical Temple
  4611 | Temple   | Became a worshipper of Gozag Ym Sagoz the Greedy
  4625 | D:7      | Reached skill level 7 in Polearms
  4625 | D:7      | Reached XP level 8. HP: 64/64 MP: 8/8
  4762 | D:7      | Noticed Prince Ribbit
  4778 | D:7      | Killed Prince Ribbit
  4827 | D:7      | Found a shimmering blue altar of Sif Muna.
  4831 | D:7      | Reached skill level 8 in Polearms
  4837 | D:7      | Got Sif Muna's Parchment of Calorific Iniquitous Deeds
  4842 | D:7      | Found a bloodstained altar of Trog.
  4993 | D:7      | Noticed Maggie
  4995 | D:7      | Noticed Maggie
  4995 | D:7      | Maggie changed into Maggie the ice beast
  5025 | D:7      | Killed Maggie the ice beast
  5175 | D:7      | Noticed Pikel
  5236 | D:8      | Reached skill level 9 in Polearms
  5281 | D:8      | Reached XP level 9. HP: 54/69 MP: 9/9
  5757 | D:8      | Reached skill level 10 in Polearms
  5918 | D:8      | Found a staircase to the Lair.
  6216 | D:8      | Reached skill level 11 in Polearms
  6518 | D:9      | Found the amulet of Elemental Vulnerability {rPois rF--
                  | rC-- AC+8}
  6824 | D:9      | Found Cyoronin's Weapon Shop.
  6825 | D:9      | Noticed a troll
  6838 | D:9      | Reached XP level 10. HP: 53/76 MP: 10/10
  6838 | D:9      | Noticed Gastronok
  6877 | D:9      | HP: 1/76 [Gastronok/the air (7)]
  6929 | D:9      | Killed Gastronok
  6930 | D:9      | Reached skill level 12 in Polearms
  7389 | D:10     | Entered Level 10 of the Dungeon
  7413 | D:10     | Found a basalt altar of Yredelemnul.
  7626 | D:10     | Found a staircase to the Orcish Mines.
  7740 | D:10     | Noticed a two-headed ogre
  7743 | D:10     | a two-headed ogre changed into a scorpion
  7753 | D:10     | Reached skill level 13 in Polearms
  7884 | D:10     | Found a sparkling altar of Nemelex Xobeh.
  8176 | D:11     | Noticed a gargoyle
  8183 | D:11     | Killed a gargoyle
  8197 | D:11     | Killed by an exploding yak... ignited by their inner flame

Illustrated notes

Levels and vault maps discovered:
D:1:      dpeg_arrival_arbitrary_a, layout_rooms
D:2:      layout_loops_corners, grunt_ministairs_4
D:3:      layout_loops_corners, dreamdust_ecumenical_altar_hidden_monk_grotto
D:4:      layout_cave_pools
D:5:      layout_loops_ring, gammafunk_ghost_gnarly_gnolls, enter_ossuary_2,
          uniq_crazy_yiuf_cottage
D:6:      layout_basic, mainiacjoe_overflow_chevrons, uniq_menkaure,
          uniq_duvessa
D:7:      layout_gridville, kennysheep_mini_moat,
          nzn_overflow_gifts_of_might_and_magic, nicolae_overflow_hidden_temple,
          jmf_multi_god_temple2, minmay_temple_entry_water_ring, uniq_maggie,
          uniq_prince_ribbit1, uniq_pikel
D:8:      layout_basic, lair_entry_dummy
D:9:      layout_loops_ring, serial_shops, nicolae_shop_advertising_works
          [nicolae_subvault_shop_adworks], uniq_gastronok
D:10:     layout_roguey, mainiacjoe_overflow_catwalk,
          mainiacjoe_overflow_big_doors, minmay_orc_entry_temple_small
D:11:     hangedman_screamer, layout_long_grid, uniq_urug
Temple:   hellmonk_temple_flake

Skill      XL: |  1  2  3  4  5  6  7  8  9 10 |
---------------+-------------------------------+-----
Fighting       | 4 5 |  5.7
Polearms       | 3 5 7 9 11 13 | 13.7
Dodging        | |  2.4
Stealth        | |  1.5

Action                   |  1- 3 |  4- 6 |  7- 9 | 10-12 || total
-------------------------+-------+-------+-------+-------++-------
Melee: Spear             |   163 |    84 |       |       ||   247
       Punch             |     4 |     3 |     5 |     1 ||    13
       Trident           |       |   203 |   479 |   182 ||   864
Throw: Dart              |     5 |     8 |    13 |     2 ||    28
       Boomerang         |       |       |     8 |    31 ||    39
       Throwing net      |       |       |     1 |       ||     1
       Javelin           |       |       |       |     7 ||     7
Evoke: Wand              |       |       |     5 |    14 ||    19
  Use: Scroll            |     4 |     6 |     4 |     7 ||    21
 Stab: Distracted        |       |       |     2 |       ||     2
       Held in net/web   |       |       |     1 |       ||     1
Armor: Robe              |     1 |       |       |       ||     1
       Chain mail        |    55 |    59 |       |       ||   114
       Scale mail        |       |    68 |    87 |    37 ||   192
Dodge: Dodged            |    44 |   116 |   256 |    85 ||   501
